 Dungeon Crawl Stone Soup version 0.20-a0-1088-gd50b1d5 (webtiles) character file.

205 Conn321 the Magician (level 5, -1/28 HPs)
             Began as a Deep Elf Fire Elementalist on May 2, 2017.
             Slain by an orc wizard
             ... wielding a +0 dagger
              (2 damage)
             ... on level 2 of the Dungeon.
             The game lasted 00:04:30 (1322 turns).

Conn321 the Magician (Deep Elf Fire Elementalist)   Turns: 1322, Time: 00:04:31

Health: -1/28      AC:  2    Str:  5    XL:     5   Next: 53%
Magic:  1/14       EV: 18    Int: 23    God:
Gold:   87         SH:  0    Dex: 20    Spells: 9/13 levels left

rFire    + . .     SeeInvis .   (no weapon)
rCold    . . .     Gourm    .   (no shield)
rNeg     . . .     Faith    .   h - +0 robe {rF+}
rPois    .         Spirit   .   (helmet restricted)
rElec    .         Reflect  .   (no cloak)
rCorr    .         Harm     .   (no gloves)
MR       .....                  (no boots)
Stlth    ++++......             (no amulet)
Regen    0.1/turn               (no ring)
MPRegen  0.2/turn               (no ring)

@: agile, very slightly contaminated
A: antennae 1, clever 1
a: no special abilities


You were on level 2 of the Dungeon.
You were not hungry.

You visited 1 branch of the dungeon, and saw 2 of its levels.

You collected 87 gold pieces.

Inventory:

Armour
 a - a +0 robe
 h - a +0 robe of fire resistance (worn)
Scrolls
 f - 2 scrolls of identify
Potions
 i - a potion of agility
Books
 b - a book of Flames

   Spells                             Type                      Level
   a - Flame Tongue                   Conjuration/Fire             1
   b - Throw Flame                    Conjuration/Fire             2
   c - Conjure Flame                  Conjuration/Fire             3
   d - Inner Flame                    Hexes/Fire                   3
   e - Sticky Flame                   Conjuration/Fire             4
   f - Fireball                       Conjuration/Fire             5
Comestibles
 c - a bread ration
 j - 6 chunks of flesh


   Skills:
 + Level 2.7 Dodging
 + Level 2.8 Stealth
 + Level 0.1 Unarmed Combat
 + Level 4.9 Spellcasting
 + Level 3.2 Conjurations
 + Level 4.8 Fire Magic


You had 9 spell levels left.
You knew the following spells:

 Your Spells              Type           Power        Failure   Level  Hunger
a - Flame Tongue          Conj/Fire      ###..        1%          1    None
b - Conjure Flame         Conj/Fire      ###.....     5%          3    ##.....


Dungeon Overview and Level Annotations

Branches:
Dungeon (2/15)

Altars:


Innate Abilities, Weirdness & Mutations

You have a pair of small antennae on your head.
Your mind is acute. (Int +2)


Message History

You don't have any unidentified items.
The orc wizard closely misses you. The orc wizard hits you with a dagger.
* * * LOW HITPOINT WARNING * * *
The orc wizard casts a spell.
The orc wizard blinks!
The orc misses you.
Okay, then.
Okay, then.
Sorry, you're not good enough to have a special ability.
The orc wizard hits you with a dagger.
* * * LOW HITPOINT WARNING * * *
The orc priest miscasts a cantrip.
The orc wizard barely misses you. The orc wizard completely misses you.
Casting: Flame Tongue
Confirm with . or Enter, or press ? or * to list all spells.
Aiming: Flame Tongue
Press: ? - help, Shift-Dir - straight line, f - orc wizard
Aim: an orc wizard, wielding a dagger and wearing a robe (fast)
The flame tongue misses the orc wizard.
The orc wizard hits you with a dagger.
You die...

######§§§.§....###..#
#§§§§......##).#
#.§§§.......#..#
#§§§.......⌠#..#
#§§§........#.##
##o........##.#
#o.......###.#
#o#########..#
#.o@........##
#############


You could see an orc wizard and an orc.

Vanquished Creatures
  Sigmund (D:2)
  An orc priest (D:2)
  A dart slug (D:1)
  2 orcs (D:2)
  A giant cockroach (D:1)
  A goblin (D:1)
  5 hobgoblins
  A quokka (D:2)
  A ball python (D:1)
  A bat (D:1)
  3 frilled lizards (D:1)
  4 kobolds
  4 rats
26 creatures vanquished.

Notes
Turn   | Place    | Note
-------+----------+-------------------------------------------
     0 | D:1      | Conn321 the Deep Elf Fire Elementalist began the quest for the Orb.
     0 | D:1      | Reached XP level 1. HP: 10/10 MP: 6/6
   224 | D:1      | Reached XP level 2. HP: 7/15 MP: 5/8
  1153 | D:2      | Noticed Sigmund
  1235 | D:2      | Reached XP level 3. HP: 19/19 MP: 7/10
  1240 | D:2      | Learned a level 3 spell: Conjure Flame
  1307 | D:2      | Killed Sigmund
  1307 | D:2      | Reached XP level 4. HP: 8/24 MP: 0/12
  1307 | D:2      | Reached XP level 5. HP: 10/28 MP: 0/14
  1309 | D:2      | Gained mutation: You have a pair of small antennae on your head. [potion of mutation]
  1309 | D:2      | Gained mutation: Your mind is acute. (Int +2) [potion of mutation]
  1318 | D:2      | HP: 1/28 [orc wizard/dagger (1)]
  1322 | D:2      | Slain by an orc wizard

Vault maps used:
D:1:      dpeg_arrival_tiny_j
D:2:      cheibrodos_pilgrimage, kennysheep_generic_room_13, uniq_sigmund

Skill      XL: |  1  2  3 |
---------------+----------+-----
Spellcasting   | 4 |  4.9
Conjurations   | 3 |  3.2
Fire Magic     | 4 |  4.8
Dodging        | |  2.7
Stealth        | |  2.8
Unarmed Combat | |  0.1

Action                   |  1- 3 |  4- 6 || total
-------------------------+-------+-------++-------
Melee: Unarmed           |     2 |       ||     2
 Cast: Flame Tongue      |    43 |     2 ||    45
  Use: Scroll            |       |     3 ||     3
       Potion            |       |     2 ||     2
  Eat: Chunk             |     1 |       ||     1
Dodge: Dodged            |    10 |    14 ||    24
